 Seeded DCSS version 0.29-a0-1065-g47a6bb87d6 (webtiles) character file.

Game seed: 1 (custom seed)

29394 Kazon the Basher (level 12, -10/103 (106) HPs)
             Began as a Demigod Fighter on Aug 18, 2022.
             Mangled by a minotaur
             ... wielding a +1 great sword of draining
              (38 damage)
             ... in a Gauntlet.
             The game lasted 01:13:42 (10875 turns).

Kazon the Basher (Demigod Fighter)                 Turns: 10875, Time: 01:13:42

HP:   -10/103 (106) AC:  9    Str: 25    XL:     12   Next: 83%
MP:   15/15         EV: 14    Int:  7    God:
Gold: 669           SH: 14    Dex: 25    Spells: 11/11 levels left

rFire   . . .      SeeInvis .   q - +6 shillelagh "Devastator" {shatter}
rCold   + . .      Faith    .   c - +2 kite shield
rNeg    . . .      Spirit   .   j - +0 troll leather armour
rPois   +          Reflect  .   l - +0 helmet
rElec   .          Harm     .   (no cloak)
rCorr   .          Rampage  .   (no gloves)
Will    +....      NoTele   +   m - +2 pair of boots
Stlth   +++.......              u - amulet of regeneration
HPRegen 1.87/turn               M - +4 ring of slaying
MPRegen 0.14/turn               e - ring "Azxilac" {+Blink rPois rC+ Int-3 Dex+6}

@: studying Maces & Flails, lightly drained
A: high MP 1, forlorn, divine attributes, clumsy 1
a: Evoke Blink


You were in a Gauntlet.
You visited 2 branches of the dungeon, and saw 14 of its levels.
You also visited: Gauntlet.

You collected 853 gold pieces.
You spent 184 gold pieces at shops.

Inventory:

Hand Weapons
 f - a +3 scimitar of flaming
 q - the +6 shillelagh "Devastator" (weapon) {shatter}
   (You found it on level 6 of the Dungeon)

   It releases a powerful concussive burst when it strikes, dealing extra damage
   to the target and all other foes adjacent to them.
 s - the +3 falchion of Winter {venom, rCorr}
   (You bought it in a shop on level 3 of the Dungeon)

   It poisons the flesh of those it strikes.
   rCorr:     It protects you from acid and corrosion.
 v - a +4 vampiric whip
 F - the +12 glaive of Prune {vorpal}
   (You found it in a Gauntlet)

   It inflicts extra damage upon your enemies.
   It halves damage taken while paralysed, petrified or unconscious.
Missiles
 b - 3 curare-tipped darts
 p - 2 throwing nets
 r - 8 boomerangs
 x - 21 poisoned darts (quivered)
 E - 3 boomerangs of dispersal
 G - 22 stones
Armour
 c - a +2 kite shield (worn)
 j - a +0 troll leather armour (worn)
 l - a +0 helmet (worn)
 m - a +2 pair of boots (worn)
 C - a +2 chain mail of cold resistance
Jewellery
 e - the ring "Azxilac" (right hand) {+Blink rPois rC+ Int-3 Dex+6}
   (You found it in a Gauntlet)

   [ring of dexterity]

   Int:       It affects your intelligence (-3).
   Dex:       It affects your dexterity (+6).
   rC:        It protects you from cold.
   rPois:     It protects you from poison.
   +Blink:    It lets you blink.
 u - an amulet of regeneration (around neck)
 M - a +4 ring of slaying (left hand)
 O - a ring of poison resistance
 Q - the ring "Mishoal" {*Corrode rElec rPois AC+4 Str+2}
   (You found it in a Gauntlet)

   [ring of protection]

   AC:        It affects your AC (+4).
   Str:       It affects your strength (+2).
   rElec:     It insulates you from electricity.
   rPois:     It protects you from poison.
   *Corrode:  It may corrode you when you take damage.
Wands
 w - a wand of flame (10)
 y - a wand of mindburst (21)
 K - a wand of paralysis (3)
Scrolls
 a - 2 scrolls of enchant armour {unknown}
 i - 3 scrolls of identify
 o - 2 scrolls of immolation {unknown}
 t - 2 scrolls of fog {unknown}
 z - 3 scrolls of blinking {unknown}
 A - 2 scrolls of vulnerability {unknown}
 H - a scroll of fear {unknown}
 I - 4 scrolls of enchant weapon {unknown}
 J - 6 scrolls of teleportation {unknown}
 L - a scroll of amnesia {unknown}
 N - a scroll of brand weapon {unknown}
Potions
 d - a potion of lignification
 g - 2 potions of haste
 h - 3 potions of flight
 k - 3 potions of ambrosia
 n - a potion of berserk rage
 B - 3 potions of heal wounds
 D - 4 potions of curing {unknown}
 P - a potion of mutation


   Skills:
 * Level 9.8 Fighting
 + Level 1.7(4.8) Short Blades
 + Level 7.1(7.2) Long Blades
 + Level 1.0(7.1) Axes
 + Level 11.2 Maces & Flails
 + Level 6.2 Throwing
 + Level 7.1 Armour
 + Level 5.3 Dodging
 + Level 2.5 Stealth
 + Level 6.0 Shields
 * Level 8.5 Evocations


You had 11 spell levels left.
You didn't know any spells.
Your spell library contained the following spells:

 Spells                   Type           Power      Damage    Failure   Level
 Apportation              Tloc           0%         N/A       82%         1
 Necrotise                Necr           0%         1d4       82%         1
 Sting                    Tmut/Pois      0%         1d3       82%         1
 Summon Small Mammal      Summ           0%         N/A       82%         1
 Ensorcelled Hibernation  Hex/Ice        0%         N/A       91%         2
 Poisonous Vapours        Pois/Air       0%         N/A       91%         2
 Ignite Poison            Fire/Tmut/Pois 0%         N/A       99%         3
 Mephitic Cloud           Conj/Pois/Air  0%         N/A       99%         3
 Spider Form              Tmut/Pois      0%         N/A       99%         3
 Anguish                  Hex/Necr       0%         N/A       100%        4
 Olgreb's Toxic Radiance  Pois           0%         N/A       100%        4
 Freezing Cloud           Conj/Ice/Air   0%         6-21      100%        5


Dungeon Overview and Level Annotations

Branches:
Dungeon (12/15)            Temple (0/1) D:7            Lair (2/5) D:10
Gauntlet (1/1)
  Swamp: Lair:2-3    Shoals: Lair:2-3     Snake: Lair:2-3    Spider: Lair:2-3
    Orc: D:9-12

Shops:
D:3 (   D:7 *   D:9 (

Annotations:
D:8 3 runed translucent doors, Atlas's ghost, novice OpFE; Thoth777's ghost, novice GnTm; Valamore's ghost, novice FeEE; ders's ghost, novice GrEE; purpskrrrp's ghost, novice MfGl
D:9 3 runed translucent doors, slphil's ghost, journeyman KoAr
D:12 Newt's ghost, journeyman DsGl
Lair:2 1 runed translucent door, Qyacsuop's ghost, journeyman DsAK Gauntlet 8 transporters, 2 runed translucent doors


Innate Abilities, Weirdness & Mutations

You have an increased reservoir of magic. (+10% MP)
You shall have no god before yourself.
Your divine heritage dramatically boosts your attributes as you level up.
You are clumsy. (Dex -2)


Message History

You hit the cacodemon.
The cacodemon and the neqoxec shudder.
The neqoxec is heavily wounded.
The cacodemon is severely wounded.
You block the cacodemon's attack. x2
You hit the cacodemon.
The cacodemon and the neqoxec shudder.
The neqoxec is severely wounded.
The cacodemon is severely wounded.
The cacodemon closely misses you. You block the cacodemon's attack.
You hit the cacodemon.
The cacodemon shudders.
The cacodemon is severely wounded.
The cacodemon hits you! The cacodemon hits you.
You bludgeon the cacodemon!!
The neqoxec shudders.
You kill the neqoxec!
You kill the cacodemon!
The neqoxec misses you.
You sock the neqoxec!
The neqoxec shudders.
You kill the neqoxec!
You see here the +12 glaive of Prune {vorpal}.
F - the +12 glaive of Prune {vorpal}
There is a transporter here.
You see here a potion of mutation.
P - a potion of mutation
Q - the ring "Mishoal" {*Corrode rElec rPois AC+4 Str+2}
There is a transporter here.
You enter the transporter and appear at another place.
A minotaur comes into view.
It is wielding a +1 great sword of draining.
The minotaur throws a javelin.
The javelin pierces through you!!
Found a ring mail.
Found a gate leading back out of this place.
The minotaur hits you with a +1 great sword of draining!!
You feel drained. The minotaur gores you!
You sock the minotaur!
The minotaur shudders.
The minotaur is moderately wounded. x2
You block the minotaur's attack. The minotaur misses you.
You hit the minotaur but do no damage.
The minotaur is moderately wounded.
The minotaur barely misses you. The minotaur gores you!
* * * LOW HITPOINT WARNING * * *
You hit the minotaur.
The minotaur shudders.
The minotaur is heavily wounded. x2
The minotaur hits you with a +1 great sword of draining!!!
You die...

...##############
8.####.#........####
..§##..#.######....#
..##...#.# ####.#
..#....#.# ..#.#
..#.8©.#.# #####.#.#
..#....#.# #8.8#.#.#
8.#.8©...# #.∩..H#.#
..#....#.# #@#.#
..#.8©.#.# ####.#.#
..#....#.# #....###
..##...#.#....#.##.#
..≈##..#.######....#
8.####.#........####
...##############
...§# ...##


You could see a minotaur.

Vanquished Creatures
  A cacodemon (Gauntlet)
  A hydra (Lair:1)
  A hell beast (Gauntlet)
  A boulder beetle (Lair:2)
  A two-headed ogre (D:12)
  Erica (Lair:1)
  9 death yaks
  Amaemon (D:10)
  A wolf spider (Lair:2)
  3 black mambas
  9 cane toads
  2 orange demons
  2 unseen horrors
  2 gargoyles (D:8)
  Maggie (D:7)
  3 komodo dragons (Lair:2)
  2 hellwings (D:11)
  A red devil (D:11)
  3 trolls
  A hornet (D:10)
  5 blink frogs (Lair:2)
  2 slime creatures
  A shadow (D:11)
  A wyvern (Lair:1)
  5 yaks (D:8)
  A vampire (D:10)
  2 wraiths (D:11)
  Eustachio (D:4)
  A basilisk (Lair:1)
  3 neqoxecs (Gauntlet)
  2 steam dragons
  A vampire mosquito (D:8)
  2 hell hounds (Gauntlet)
  Duvessa (D:5)
  10 water moccasins
  4 orc warriors
  3 ice beasts
  3 black bears
  6 ogres
  2 centaurs (D:8)
  11 wolves
  2 phantoms
  2 kobold brigands
  11 bullfrogs
  A necrophage (D:5)
  5 scorpions
  2 gnoll sergeants
  5 wights (D:7)
  Dowan (D:5)
  12 killer bees
  3 howler monkeys
  5 quasits (D:11)
  8 hounds
  A jelly (D:6)
  A gnoll bouda (D:8)
  9 orc priests
  4 iguanas
  14 orc wizards
  Natasha (thrice) (D:4)
  20 gnolls
  2 adders (D:2)
  An ufetubus (D:4)
  2 worms
  3 dart slugs
  61 orcs
  7 endoplasms
  A giant cockroach (D:1)
  8 goblins
  12 hobgoblins
  7 jackals
  19 kobolds
  4 quokkas
  5 ball pythons
  2 bats
  4 frilled lizards
  5 rats
365 creatures vanquished.

Vanquished Creatures (others)
  A demonic plant (D:11)
  3 fungi (Lair:2)
  11 plants
15 creatures vanquished.

Grand Total: 380 creatures vanquished

Notes
Turn   | Place    | Note
-------+----------+-------------------------------------------
     0 | D:1      | Kazon the Demigod Fighter began the quest for the Orb.
     0 | D:1      | Reached XP level 1. HP: 18/18 MP: 3/3
    89 | D:1      | Identified a scroll of acquirement
    89 | D:1      | Acquired a +4 vampiric whip
   311 | D:1      | Reached XP level 2. HP: 25/25 MP: 4/4
   794 | D:2      | Reached XP level 3. HP: 27/31 MP: 5/5
   974 | D:2      | Reached skill level 1 in Maces & Flails
  1567 | D:2      | Reached XP level 4. HP: 29/38 MP: 6/6
  1905 | D:3      | Found Umat's Antique Weapon Boutique.
  1941 | D:3      | Bought a crude falchion for 184 gold pieces
  1941 | D:3      | Identified the +3 falchion of Winter {venom, rCorr} (You
                  | bought it in a shop on level 3 of the Dungeon)
  2312 | D:4      | Noticed Eustachio
  2320 | D:4      | Killed Eustachio
  2321 | D:4      | Reached skill level 1 in Short Blades
  2321 | D:4      | Reached XP level 5. HP: 37/45 MP: 7/7
  2463 | D:4      | Reached XP level 6. HP: 51/51 MP: 8/8
  2612 | D:4      | Reached skill level 1 in Dodging
  2670 | D:4      | Reached skill level 1 in Throwing
  2670 | D:4      | Reached skill level 1 in Evocations
  2683 | D:4      | Reached XP level 7. HP: 33/57 MP: 9/9
  3201 | D:4      | Noticed Natasha
  3203 | D:4      | Killed Natasha
  3209 | D:4      | Noticed Natasha
  3217 | D:4      | Killed Natasha
  3372 | D:4      | Noticed Natasha
  3378 | D:4      | Killed Natasha
  3486 | D:5      | Entered Level 5 of the Dungeon
  3506 | D:5      | Reached skill level 5 in Long Blades
  3622 | D:5      | Noticed Dowan
  3622 | D:5      | Noticed Duvessa
  3643 | D:5      | Killed Duvessa
  3644 | D:5      | Reached XP level 8. HP: 28/66 MP: 10/10
  3647 | D:5      | Killed Dowan
  3787 | D:5      | Reached skill level 5 in Armour
  4545 | D:6      | Reached skill level 2 in Maces & Flails
  4555 | D:6      | Found the +6 shillelagh "Devastator" {shatter}
  4770 | D:6      | Reached XP level 9. HP: 72/72 MP: 11/11
  4902 | D:7      | Found a staircase to the Ecumenical Temple.
  4914 | D:7      | Reached skill level 3 in Maces & Flails
  5195 | D:7      | Found Binerhev's Lightly-Used Armoury.
  5316 | D:7      | Noticed Maggie
  5326 | D:7      | Killed Maggie
  5327 | D:7      | Reached skill level 4 in Maces & Flails
  5386 | D:7      | Reached skill level 5 in Fighting
  5657 | D:7      | Reached skill level 5 in Evocations
  6073 | D:8      | Reached XP level 10. HP: 60/81 MP: 13/13
  6087 | D:8      | Reached skill level 5 in Maces & Flails
  6102 | D:8      | Found a runed translucent gate.
  6103 | D:8      | Found a runed translucent gate.
  6103 | D:8      | Found a runed translucent gate.
  6107 | D:8      | Noticed Atlas's ghost (novice OpFE)
  6107 | D:8      | Noticed ders's ghost (novice GrEE)
  6108 | D:8      | Noticed Thoth777's ghost (novice GnTm)
  6109 | D:8      | Noticed purpskrrrp's ghost (novice MfGl)
  6110 | D:8      | Noticed Valamore's ghost (novice FeEE)
  6253 | D:8      | Identified the +6 great sword of the Gloaming {distort, rC+
                  | Will+ Dex+4}
  6341 | D:8      | Reached skill level 6 in Maces & Flails
  6341 | D:8      | Reached skill level 5 in Shields
  6632 | D:8      | Reached skill level 7 in Maces & Flails
  6979 | D:9      | Found Sudgh's Antique Weapon Shop.
  7071 | D:9      | Found a runed translucent gate.
  7072 | D:9      | Found a runed translucent gate.
  7072 | D:9      | Found a runed translucent gate.
  7091 | D:9      | Noticed slphil's ghost (journeyman KoAr)
  7348 | D:10     | Entered Level 10 of the Dungeon
  7438 | D:10     | Noticed a death yak
  7439 | D:10     | Noticed a death yak
  7440 | D:10     | Noticed a death yak
  7454 | D:10     | Noticed a death yak
  7455 | D:10     | Killed a death yak
  7456 | D:10     | Reached skill level 1 in Stealth
  7457 | D:10     | Noticed a death yak
  7459 | D:10     | Killed a death yak
  7460 | D:10     | Reached skill level 8 in Maces & Flails
  7463 | D:10     | Killed a death yak
  7463 | D:10     | Killed a death yak
  7464 | D:10     | Reached XP level 11. HP: 83/91 MP: 14/14
  7474 | D:10     | Killed a death yak
  7542 | D:10     | Reached skill level 5 in Throwing
  7587 | D:10     | Found a staircase to the Lair.
  7912 | D:10     | Noticed Amaemon
  7978 | D:10     | Killed Amaemon
  7979 | D:10     | Reached skill level 9 in Maces & Flails
  8488 | D:11     | HP: 4/85 [hellwing (10)]
  8488 | D:11     | HP: 1/85 [hellwing (3)]
  8916 | Lair:1   | Entered Level 1 of the Lair of Beasts
  9006 | Lair:1   | Noticed Erica
  9073 | Lair:1   | Killed Erica
  9074 | Lair:1   | Reached skill level 1 in Axes
  9256 | Lair:1   | Noticed a seven-headed hydra
  9265 | Lair:1   | Killed a two-headed hydra
  9310 | Lair:1   | Reached XP level 12. HP: 98/103 MP: 15/15
  9581 | Lair:2   | Reached skill level 10 in Maces & Flails
  9633 | Lair:2   | Reached skill level 5 in Dodging
  9774 | Lair:2   | Found a runed translucent door.
  9777 | Lair:2   | Noticed Qyacsuop's ghost (journeyman DsAK)
  9779 | Lair:2   | Identified the +7 spear of Nidonaen {spect, rF+ rC+++ Will-
                  | Str-4}
  9804 | Lair:2   | Noticed a boulder beetle
  9818 | Lair:2   | Killed a boulder beetle
 10288 | D:12     | Noticed a two-headed ogre
 10293 | D:12     | Killed a two-headed ogre
 10384 | D:12     | Noticed a two-headed ogre
 10386 | D:12     | Noticed Newt's ghost (journeyman DsGl)
 10390 | D:12     | Noticed a two-headed ogre
 10545 | D:12     | Found a gate leading to a gauntlet.
 10553 | Gauntlet | Entered a Gauntlet
 10553 | Gauntlet | Found a transporter.
 10556 | Gauntlet | Found a runed translucent door.
 10556 | Gauntlet | Found a transporter.
 10557 | Gauntlet | Noticed a quicksilver ooze
 10559 | Gauntlet | Found a transporter.
 10561 | Gauntlet | Found a transporter.
 10563 | Gauntlet | Noticed a four-headed hydra
 10566 | Gauntlet | Found a runed translucent door.
 10572 | Gauntlet | Found a transporter.
 10572 | Gauntlet | Found a transporter.
 10573 | Gauntlet | Found a transporter.
 10573 | Gauntlet | Noticed a cacodemon
 10573 | Gauntlet | Found the +12 glaive of Prune {vorpal}
 10574 | Gauntlet | Found a transporter.
 10623 | Gauntlet | Noticed a hell beast
 10640 | Gauntlet | Found a transporter.
 10652 | Gauntlet | Found a transporter.
 10656 | Gauntlet | Found a transporter.
 10658 | Gauntlet | Noticed a ghost crab
 10670 | Gauntlet | Found a transporter.
 10686 | Gauntlet | Found a runed translucent door.
 10738 | Gauntlet | Killed a hell beast
 10739 | Gauntlet | Reached skill level 11 in Maces & Flails
 10756 | Gauntlet | Identified the ring "Azxilac" {+Blink rPois rC+ Int-3
                  | Dex+6}
 10787 | Gauntlet | Gained mutation: You are clumsy. (Dex -2) [a cacodemon]
 10794 | Gauntlet | Killed a cacodemon
 10813 | Gauntlet | Identified the ring "Mishoal" {*Corrode rElec rPois AC+4
                  | Str+2}
 10867 | Gauntlet | Noticed a minotaur
 10875 | Gauntlet | Mangled by a minotaur

Illustrated notes

Levels and vault maps discovered:
D:1:      dpeg_arrival_three_smaller_balls, layout_basic
D:2:      layout_loops_ring
D:3:      layout_basic, serial_shops, nicolae_shop_stone, st_stairs_7
D:4:      minmay_razor_zed, layout_basic, worldfamousw_hep_ancestral_shrine,
          uniq_eustachio, uniq_natasha
D:5:      layout_basic, uniq_duvessa
D:6:      layout_rooms, dilly_guarded_unrand_devastator
D:7:      layout_basic, nicolae_uskayaw_dance_hall,
          mainiacjoe_overflow_six_doors_small,
          minmay_temple_entry_drinking_statues, serial_rivers,
          chequers_serial_rivers_micro_b, chequers_serial_rivers_small_a,
          chequers_serial_rivers_small_a, chequers_serial_rivers_large_a,
          chequers_serial_rivers_micro_a, minmay_shop_damaged, uniq_maggie
D:8:      minmay_tri_box, layout_loops_ring, gammafunk_ghost_cemetery,
          minmay_manual_mares
D:9:      layout_gridville, serial_shops, nicolae_take_the_stairs,
          gammafunk_ghost_ooze, minivault_11
D:10:     layout_roguey, dpeg_lair_monsters, uniq_amaemon
D:11:     layout_cave_pods, serial_demonic, serial_demonic_e, serial_demonic_f,
          serial_demonic_c, serial_demonic_f
D:12:     layout_roguey, david_orc_2, gauntlet_entry_generic,
          gammafunk_ghost_wrathful_warriors
Lair:1:   layout_long_grid, patterned_corridor, grunt_megastairs_3,
          lemuel_fruit_tree, uniq_erica
Lair:2:   layout_gridlike, ebering_ghost_funeral_grove,
          nicolae_lair_run_with_the_wolves, serial_bayou_shore_b
Gauntlet: minmay_gauntlet_mixed_oops_all_seconds [minmay_gauntlet_arena_77_path,
          nicolae_gauntlet_arena_quarters, minmay_gauntlet_arena_77_fan,
          nicolae_gauntlet_arena_flowing_pool,
          minmay_gauntlet_arena_77_shame_cube, gammafunk_gauntlet_arena_teeth,
          dreamdust_gauntlet_exit_labyrinth]

Skill      XL: |  1  2  3  4  5  6  7  8  9 10 11 12 |
---------------+-------------------------------------+-----
Armour         | 3 4 5 6 7 |  7.1
Shields        | 3 4 5 6 |  6.0
Fighting       | 3 4 5 6 8 9 |  9.8
Maces & Flails | 1 2 4 8 9 11 | 11.2
Short Blades   | 1 |  1.7
Long Blades    | 2 3 5 6 7 |  7.1
Dodging        | 1 2 3 4 5 |  5.3
Throwing       | 1 2 3 4 5 6 |  6.2
Evocations     | 1 3 4 5 6 7 8 |  8.5
Stealth        | 1 2 |  2.5
Axes           | 1 |  1.0

Action                   |  1- 3 |  4- 6 |  7- 9 | 10-12 || total
-------------------------+-------+-------+-------+-------++-------
Melee: Whip              |    67 |       |    38 |   123 ||   228
       Long sword        |     2 |       |       |       ||     2
       Dagger            |    21 |    16 |       |    26 ||    63
       Falchion          |       |   103 |   199 |    30 ||   332
       Shillelagh        |       |       |    89 |   295 ||   384
       War axe           |       |       |       |    11 ||    11
       Scimitar          |       |       |       |     6 ||     6
Throw: Stone             |    11 |    10 |    35 |    49 ||   105
       Boomerang         |       |     2 |     2 |    25 ||    29
       Dart              |       |       |    33 |    19 ||    52
Evoke: Wand              |       |       |     1 |     5 ||     6
  Use: Scroll            |     1 |       |       |     8 ||     9
       Potion            |       |       |       |     3 ||     3
 Stab: Sleeping          |       |       |       |     3 ||     3
Armor: Scale mail        |    42 |    53 |    95 |       ||   190
       Acid dragon scale |       |       |    19 |    50 ||    69
       Troll leather arm |       |       |       |    67 ||    67
Dodge: Dodged            |    52 |    46 |   117 |   234 ||   449
Block: Buckler           |    12 |    21 |    82 |   106 ||   221
       Kite shield       |       |       |       |    19 ||    19

Table legend: (Time is in decaauts)
 A = Elapsed time spent in this place.
 B = Non-inter-level travel time spent in this place.
 C = Inter-level travel time spent in this place.
 D = Time resting spent in this place.
 E = Time spent auto-exploring this place.
 F = Levels seen in this place.
 G = Mean time per level.
                   A        B        C        D        E       F      G
               +--------+--------+--------+--------+--------+-----+--------+
         Total |  10859 |  10330 |    529 |    354 |   3516 |  15 |  723.9 |
       Dungeon |   9329 |   8835 |    494 |    351 |   3272 |  12 |  777.4 |
          Lair |   1212 |   1177 |     35 |      3 |    216 |   2 |  606.0 |
      Gauntlet |    317 |    317 |      0 |      0 |     27 |   1 |  317.0 |
               +--------+--------+--------+--------+--------+-----+--------+

Top non-repeatable levels by time:
     D:4: 1203 daAuts
     D:7: 962 daAuts
     D:8: 957 daAuts
    D:11: 845 daAuts
     D:2: 822 daAuts
     D:1: 821 daAuts
    D:10: 770 daAuts
     D:5: 740 daAuts
     D:3: 681 daAuts
  Lair:1: 656 daAuts
     D:6: 648 daAuts
     D:9: 606 daAuts
  Lair:2: 556 daAuts
Gauntlet: 317 daAuts
    D:12: 268 daAuts
